 Dungeon Crawl Stone Soup version 0.26-a0-720-g2a1d101370 (webtiles) character file.

Game seed: 18304148014380309297

21151 jestyr24 the Whirler (level 13, -12/74 HPs)
             Began as a Halfling Hunter on Nov 1, 2020.
             Was an Elder of Fedhas.
             Mangled by SolusNox's ghost (15 damage)
             ... on level 2 of the Lair of Beasts on Nov 3, 2020.
             The game lasted 03:07:37 (18616 turns).

jestyr24 the Whirler (Halfling Hunter)             Turns: 18616, Time: 03:07:39

Health: -12/74     AC: 18    Str: 13    XL:     13   Next: 17%
Magic:  19/19      EV: 27    Int:  9    God:    Fedhas [****..]
Gold:   832        SH:  0    Dex: 26    Spells: 12/12 levels left

rFire    . . .     SeeInvis .   a - +1 hunting sling
rCold    . . .     Faith    .   (shield restricted)
rNeg     . . .     Spirit   .   E - +5 steam dragon scales
rPois    .         Reflect  .   N - +1 hat
rElec    .         Harm     .   s - +0 cloak
rCorr    .         Rampage  .   c - +0 pair of gloves
MR       .....                  Q - +2 pair of boots
Stlth    +++++.....             k - amulet of the acrobat
HPRegen  0.22/turn              n - +4 ring of evasion
MPRegen  0.16/turn              t - +6 ring of dexterity

@: about to teleport
A: small, mutation resistance 1
a: Wall of Briars, Grow Ballistomycete, Overgrow, Renounce Religion


You were on level 2 of the Lair of Beasts.
You worshipped Fedhas.
Fedhas was greatly pleased with you.
You visited 2 branches of the dungeon, and saw 13 of its levels.
You also visited: Sewer.

You collected 832 gold pieces.

Inventory:

Hand Weapons
 a - a +1 hunting sling (weapon)
 v - a +3 falchion
 x - a +2 whip of freezing
 J - the +3 trident of Relota {flame, *Corrode rElec rN+++ MR+}
   (You found it on level 8 of the Dungeon)

   It has been specially enchanted to burn those struck by it, causing extra
   injury to most foes and up to half again as much damage against particularly
   susceptible opponents.
   It insulates you from electricity.
   It renders you almost immune to negative energy.
   It affects your resistance to hostile enchantments.
   It may corrode you when you take damage.
 L - a +2 vampiric rapier
Missiles
 d - 115 sling bullets
 j - 42 poisoned darts
 l - 135 stones (quivered)
 G - 3 boomerangs
Armour
 c - a +0 pair of gloves (worn)
 s - a +0 cloak (worn)
 w - a +2 leather armour of positive energy
 A - a +1 scale mail of fire resistance
 E - +5 steam dragon scales (worn)
 I - a +0 troll leather armour {Purgy}
 N - a +1 hat (worn)
 Q - a +2 pair of boots (worn)
Jewellery
 k - an amulet of the acrobat (around neck)
 n - a +4 ring of evasion (left hand)
 t - a +6 ring of dexterity (right hand)
 u - an uncursed ring of resist corrosion
 D - an uncursed ring of poison resistance
Wands
 e - a wand of digging (3)
 q - a wand of polymorph (8)
 y - a wand of enslavement (5)
 C - a wand of flame (26)
 H - a wand of acid (3)
 M - a wand of iceblast (8)
 O - a wand of paralysis (8)
Scrolls
 m - 4 scrolls of remove curse
 o - 14 scrolls of identify
 r - 7 scrolls of fog
Potions
 b - a potion of flight
 f - a potion of heal wounds
 g - 6 potions of curing
 h - a potion of invisibility
 i - 4 potions of stabbing
 p - 3 potions of brilliance
 z - a potion of ambrosia
 B - 3 potions of magic
 K - a potion of resistance


   Skills:
 - Level 1.7 Fighting
 + Level 1.1 Short Blades
 + Level 20.1 Slings
 + Level 6.0 Armour
 + Level 8.3 Dodging
 * Level 8.7 Stealth
 * Level 8.6 Invocations
 * Level 3.6 Evocations


You had 12 spell levels left.
You didn't know any spells.
Your spell library contained the following spells:

 Spells                   Type           Power        Failure   Level
 Animate Skeleton         Necr           #.....       38%         1
 Apportation              Tloc           #.....       38%         1
 Corona                   Hex            #......      38%         1
 Magic Dart               Conj           #...         38%         1
 Summon Small Mammal      Summ           #...         38%         1
 Searing Ray              Conj           #.....       52%         2
 Dazzling Flash           Conj/Hex       #.....       77%         3
 Fulminant Prism          Conj/Hex       #.........   99%         4
 Iskenderun's Mystic Bla  Conj/Tloc      #.......     99%         4
 Summon Lightning Spire   Summ/Air       #.......     99%         4
 Silence                  Hex/Air        #.........   100%        5
 Conjure Ball Lightning   Conj/Air       #.........   100%        6
 Tornado                  Air            #.........   100%        9


Dungeon Overview and Level Annotations

Branches:
Dungeon (10/15)            Temple (0/1) D:4            Lair (3/6) D:9
  Swamp (0/4) Lair:2        Sewer (visited)
  Snake: Lair:2-4    Spider: Lair:2-4       Orc: D:9-12

Altars:
Ashenzari
Cheibriados
Elyvilon
Fedhas
Gozag
Hepliaklqana
Kikubaaqudgha
Makhleb
Okawaru
Qazlal
Ru
Uskayaw
Vehumet
Wu Jian
Zin
Jiyva

Annotations:
D:2 1 runed translucent door, Crazy Yiuf
D:8 Erica
Lair:1 1 runed translucent door, Zonian's ghost, journeyman SpEn
Lair:2 SolusNox's ghost, journeyman MiBe


Innate Abilities, Weirdness & Mutations

You are small and have problems with some larger weapons.
You are somewhat resistant to further mutation.


Message History

The slime creature hits you but does no damage.
SolusNox's ghost hits you!! SolusNox's ghost freezes you.
* * * LOW HITPOINT WARNING * * *
You climb upwards.
There is a stone staircase leading down here.
As you read the scroll of teleportation, it crumbles to dust.
You feel strangely unstable.
The slime creature completely misses you.
SolusNox's ghost hits you!
* * * LOW HITPOINT WARNING * * *
SolusNox's ghost freezes you.
* * * LOW HITPOINT WARNING * * *
Evoke which item? (* to show all) (? for menu, Esc to quit)
Press: ? - help, Shift-Dir - straight line, f - SolusNox's ghost
Aim: SolusNox's ghost, wielding a weapon of freezing (lightly damaged, chance to defeat MR: 8%) SolusNox's ghost resists with almost no effort.
The slime creature completely misses you.
SolusNox's ghost hits you!
You die...
Fedhas appreciates your contribution to the ecosystem.

##...................# ##......
#....................# ####......
...###.#####......######.......#.
...##### ###....#####.........#
....## #P....#.##.........#
...#.# ########...#.#..#>(....(##
....## #..##.............#..#..##
...## ##.......J..........######.
..).# #P........@........#..##...
...####.....##.#.W.###.........♣♣
...#.###....####.### ##....♣♣♣♣♣♣
............## ### ##...♣♣§§§♣§
.............# #....♣♣§§§§§
...........|P# ##...♣♣≈.§§♣
............## #....♣♣≈≈§♣≈
............# ##.(...♣♣♣♣♣♣
............# ### ##.......♣♣♣


You could see a slime creature and SolusNox's ghost.

Vanquished Creatures
  2 hydras
  A two-headed ogre (D:10)
  Pikel (D:4)
  4 elephants
  5 black mambas
  Psyche (D:8)
  2 cane toads
  2 rime drakes
  Maggie (D:7)
  8 komodo dragons
  2 trolls
  Grinder (D:4)
  Eustachio (D:5)
  25 yaks
  2 basilisks (Lair:3)
  Menkaure (D:4)
  A swamp worm (Lair:2)
  Edmund (D:6)
  6 water moccasins
  Purgy (Sewer)
  An ice beast (D:7)
  2 orc warriors
  4 sky beasts
  2 phantoms (D:10)
  4 ogres
  4 black bears
  11 wolves
  2 lemures
  6 centaurs
  Blork the orc (D:6)
  11 bullfrogs
  3 scorpions
  17 wights
  3 electric eels
  4 howler monkeys
  A bullfrog zombie (D:10)
  6 jellies
  2 orc priests (D:3)
  5 hounds
  A bullfrog skeleton (D:4)
  An iguana (D:8)
  3 orc wizards
  A centaur skeleton (D:9)
  7 worker ants
  2 killer bee zombies
  A hound skeleton (D:7)
  A howler monkey zombie (D:10)
  A worker ant zombie (D:5)
  A howler monkey skeleton (D:8)
  24 gnolls
  13 adders
  2 white imps (D:8)
  2 ufetubi
  3 oozes
  3 adder skeletons
  2 worms (D:3)
  A dart slug (D:1)
  6 leopard geckos
  36 orcs
  6 bats
  6 giant cockroaches
  7 goblins
  11 hobgoblins
  15 jackals
  3 quokkas
  5 ball pythons
  10 frilled lizards
  12 kobolds
  2 leopard gecko skeletons
  A leopard gecko zombie (D:6)
  13 rats
359 creatures vanquished.

Vanquished Creatures (collateral kills)
  A bog body (Lair:2)
  A swamp worm (Lair:2)
  9 ballistomycete spores
11 creatures vanquished.

Vanquished Creatures (others)
  7 fungi
  101 plants
108 creatures vanquished.

Grand Total: 478 creatures vanquished

Notes
Turn   | Place    | Note
-------+----------+-------------------------------------------
     0 | D:1      | jestyr24 the Halfling Hunter began the quest for the Orb.
     0 | D:1      | Reached XP level 1. HP: 14/14 MP: 1/1
    48 | D:1      | Reached skill level 6 in Slings
    94 | D:1      | Reached XP level 2. HP: 19/19 MP: 2/2
   265 | D:1      | Reached XP level 3. HP: 24/24 MP: 3/3
   954 | D:2      | Reached skill level 7 in Slings
  1034 | D:2      | Reached XP level 4. HP: 17/29 MP: 4/4
  1042 | D:2      | Reached skill level 1 in Armour
  1435 | D:2      | Reached XP level 5. HP: 34/34 MP: 5/5
  1460 | D:2      | Found a hide-covered altar of Uskayaw.
  1499 | D:2      | Found a faded altar of an unknown god.
  1518 | D:2      | Found a runed translucent door.
  1519 | D:2      | Noticed Crazy Yiuf
  1747 | D:2      | Reached skill level 8 in Slings
  1857 | D:2      | Found an iron altar of Okawaru.
  2335 | D:3      | Reached XP level 6. HP: 39/39 MP: 6/6
  2338 | D:3      | Reached skill level 9 in Slings
  2765 | D:3      | Reached XP level 7. HP: 44/44 MP: 7/7
  2993 | D:3      | Reached skill level 10 in Slings
  3195 | D:4      | Noticed Grinder
  3791 | D:4      | Found a burning altar of Makhleb.
  3979 | D:4      | Killed Grinder
  3979 | D:4      | Reached skill level 11 in Slings
  3979 | D:4      | Reached XP level 8. HP: 49/49 MP: 8/8
  4238 | D:4      | Found a blossoming altar of Fedhas.
  4257 | D:4      | Became a worshipper of Fedhas Madash
  4274 | D:4      | Noticed Menkaure
  4296 | D:4      | Killed Menkaure
  4584 | D:4      | Found a staircase to the Ecumenical Temple.
  4905 | D:4      | Noticed Pikel
  4930 | D:4      | Killed Pikel
  4930 | D:4      | Reached skill level 12 in Slings
  4930 | D:4      | Reached XP level 9. HP: 26/54 MP: 9/9
  5448 | D:5      | Entered Level 5 of the Dungeon
  5513 | D:5      | Reached skill level 13 in Slings
  5519 | D:5      | Reached skill level 5 in Dodging
  5537 | D:5      | Reached skill level 5 in Stealth
  5590 | D:5      | Found a glowing drain.
  5606 | Sewer    | Entered a sewer
  5677 | Sewer    | Noticed Purgy
  5713 | Sewer    | Killed Purgy
  5980 | D:5      | Found a broken altar of Ashenzari.
  6097 | D:5      | Found an ancient bone altar of Kikubaaqudgha.
  6275 | D:5      | Noticed Eustachio
  6291 | D:5      | Killed Eustachio
  6292 | D:5      | Reached * piety under Fedhas
  6526 | D:6      | Reached skill level 14 in Slings
  6888 | D:6      | Noticed Blork the orc
  6913 | D:6      | Reached skill level 5 in Armour
  6913 | D:6      | Reached XP level 10. HP: 54/60 MP: 10/10
  6922 | D:6      | Killed Blork the orc
  7351 | D:6      | Noticed Edmund
  7378 | D:6      | Killed Edmund
  7378 | D:6      | Reached skill level 15 in Slings
  7511 | D:7      | Noticed Maggie
  7591 | D:7      | Killed Maggie
  7627 | D:7      | Reached ** piety under Fedhas
  8627 | D:7      | Found a sacrificial altar of Ru.
  8723 | D:8      | Found a radiant altar of Vehumet.
  8790 | D:8      | Noticed Psyche
  8803 | D:8      | Killed Psyche
  8803 | D:8      | Reached skill level 16 in Slings
  8820 | D:8      | Reached skill level 1 in Invocations
  8953 | D:8      | Reached *** piety under Fedhas
  9037 | D:8      | Got a jewelled trident
  9038 | D:8      | Identified the +3 trident of Relota {flame, *Corrode rElec
                  | rN+++ MR+} (You found it on level 8 of the Dungeon)
  9258 | D:8      | Noticed Erica
  9546 | D:8      | Found a glowing silver altar of Zin.
  9880 | D:9      | Reached XP level 11. HP: 64/64 MP: 10/12
 10065 | D:9      | Found an iron altar of Okawaru.
 10068 | D:9      | Found a hazy altar of Hepliaklqana.
 10068 | D:9      | Found an opulent altar of Gozag.
 10068 | D:9      | Found a white marble altar of Elyvilon.
 10076 | D:9      | Found a stormy altar of Qazlal.
 10076 | D:9      | Found a snail-covered altar of Cheibriados.
 10078 | D:9      | Found an ornate altar of the Wu Jian Council.
 10380 | D:9      | Found a staircase to the Lair.
 10556 | D:10     | Entered Level 10 of the Dungeon
 10611 | D:10     | Noticed a two-headed ogre
 10645 | D:10     | Noticed an elephant
 10663 | D:10     | Noticed an elephant
 10689 | D:10     | Killed a two-headed ogre
 10689 | D:10     | Reached skill level 5 in Invocations
 10719 | D:10     | Killed an elephant
 11138 | D:9      | Killed an elephant
 11520 | D:10     | Found an ornate altar of the Wu Jian Council.
 11722 | D:10     | Noticed an elephant
 11762 | D:10     | Killed an elephant
 11762 | D:10     | Reached skill level 17 in Slings
 11843 | D:10     | Noticed an elephant
 11912 | D:9      | Killed an elephant
 12646 | Lair:1   | Entered Level 1 of the Lair of Beasts
 12646 | Lair:1   | Noticed a six-headed hydra
 12771 | Lair:1   | Killed a six-headed hydra
 13189 | Lair:1   | Reached skill level 18 in Slings
 13206 | Lair:1   | Reached XP level 12. HP: 61/70 MP: 17/17
 13257 | Lair:1   | Reached **** piety under Fedhas
 13804 | Lair:1   | Found a runed translucent door.
 13804 | Lair:1   | Noticed Zonian's ghost (journeyman SpEn)
 13883 | Lair:1   | Reached skill level 1 in Evocations
 14429 | Lair:1   | Upgraded the game from 0.26-a0-712-ga5a9c9c9d0 to
                  | 0.26-a0-720-g2a1d101370
 14484 | Lair:1   | Reached skill level 19 in Slings
 15684 | Lair:2   | Found a staircase to the Swamp.
 15809 | Lair:2   | Noticed a six-headed hydra
 15828 | Lair:2   | Killed a six-headed hydra
 16615 | Lair:2   | HP: 3/70 [poisoned by a black mamba]
 16623 | Lair:2   | HP: 3/70 [poisoned by a black mamba]
 16990 | Lair:3   | Reached XP level 13. HP: 74/74 MP: 19/19
 17312 | Lair:3   | Reached skill level 1 in Short Blades
 17312 | Lair:3   | Reached skill level 20 in Slings
 17731 | Lair:3   | Found a runed translucent gate.
 18578 | Lair:3   | Found a runed translucent gate.
 18583 | Lair:3   | Found a runed translucent gate.
 18586 | Lair:3   | Noticed SolusNox's ghost (journeyman MiBe)
 18588 | Lair:3   | Found a viscous altar of Jiyva.
 18615 | Lair:2   | HP: 3/74 [SolusNox's ghost (3)]
 18616 | Lair:2   | Mangled by SolusNox's ghost

Illustrated notes

Levels and vault maps discovered:
D:1:      lightli_molten_gateway, layout_basic, minmay_split_cup_large
D:2:      layout_loops_ring, eat_drink_and_be_merry_uskayaw, serial_forest,
          infiniplex_forest_lined_3, infiniplex_forest_clump_tiny,
          infiniplex_forest_straight_4, infiniplex_forest_end_2,
          infiniplex_forest_clump_long, infiniplex_forest_straight_5,
          infiniplex_forest_clump_small, infiniplex_forest_zigzag_1,
          infiniplex_forest_clump_small, chequers_ecumenical_altar_simple,
          okawaru_altar_gauntlet_db, uniq_crazy_yiuf_cottage
D:3:      layout_basic, serial_glass, glass_columns_a, glass_columns_b
D:4:      layout_cave_pools, bloody_makhleb, temple_statues, serial_glass,
          glass_columns_c, glass_columns_b, glass_columns_b, glass_columns_a,
          glass_columns_b, glass_columns_a, glass_columns_a, glass_columns_b,
          glass_columns_a, glass_columns_a, glass_columns_c, glass_columns_a,
          glass_columns_b, glass_columns_b, due_unseen_surprise,
          item_on_display_a, minmay_fountain_box, fedhas_bush_and_centaur_altar,
          uniq_pikel, uniq_grinder, uniq_menkaure
D:5:      layout_rooms, kiku_gazebo_garden_becter, portal_sewer_entry_c,
          cheibrodos_ashenzari_chains, uniq_eustachio
D:6:      layout_cave_pods, uniq_edmund, uniq_blork_the_orc
D:7:      layout_cave_pools, kennysheep_mini, uniq_maggie
D:8:      layout_cave_pools, zin_treasury, vehumet_crystals, uniq_psyche,
          uniq_erica
D:9:      layout_roguey, grunt_temple_overflow_open, lair_entry_dummy,
          roderic_roman_lattice, hangedman_abyss_or_decor_stabs
D:10:     wad_woods_stonehenge, layout_basic
Lair:1:   layout_regular_city, hellmonk_ghost_happy_afterlife,
          guppyfry_lair_drakes, infiniplex_staircase_pool
Lair:2:   layout_cellular_growth, nicolae_swamp_entry_splash_gauntlet,
          serial_bayou_pond_a, cheibrodos_lair_reptile_den
Lair:3:   layout_cave_shapes, gammafunk_ghost_ooze, grunt_megastairs_3,
          serial_bayou_shore_a, lemuel_fruit_fields, lemuel_fruit_fields

Skill      XL: |  1  2  3  4  5  6  7  8  9 10 11 12 13 |
---------------+----------------------------------------+-----
Slings         | 6 7 8 9 11 12 14 16 18 19 20 | 20.1
Armour         | 1 2 3 5 6 |  6.0
Stealth        | 2 3 4 5 7 8 |  8.7
Dodging        | 3 4 5 7 8 |  8.3
Invocations    | 1 7 8 |  8.6
Evocations     | 3 |  3.6
Short Blades   | 1 |  1.1
Fighting       | |  1.7

Action                   |  1- 3 |  4- 6 |  7- 9 | 10-12 | 13-15 || total
-------------------------+-------+-------+-------+-------+-------++-------
Melee: Short sword       |       |    11 |       |       |       ||    11
       Hunting sling     |       |     4 |       |       |       ||     4
       Rapier            |       |       |       |    18 |       ||    18
 Fire: Hunting sling     |    91 |   203 |   497 |  1630 |   168 ||  2589
Invok: Grow Ballistomyce |       |       |       |     2 |     1 ||     3
Evoke: Wand              |       |       |       |     1 |     6 ||     7
  Use: Potion            |       |     4 |     4 |     5 |     1 ||    14
       Scroll            |       |     5 |     7 |    12 |     2 ||    26
Armor: Leather armour    |     1 |     5 |    15 |       |       ||    21
       Troll leather arm |       |       |       |    16 |       ||    16
       Steam dragon scal |       |       |       |    81 |    10 ||    91
Dodge: Dodged            |    13 |    63 |   182 |   762 |    57 ||  1077

Table legend: (Time is in decaauts)
 A = Elapsed time spent in this place.
 B = Non-inter-level travel time spent in this place.
 C = Inter-level travel time spent in this place.
 D = Time resting spent in this place.
 E = Time spent auto-exploring this place.
 F = Levels seen in this place.
 G = Mean time per level.
                   A        B        C        D        E       F      G
               +--------+--------+--------+--------+--------+-----+--------+
         Total |  17833 |  17242 |    591 |   3743 |   4747 |  14 | 1273.8 |
       Dungeon |  12010 |  11419 |    591 |   2025 |   3602 |  10 | 1201.0 |
          Lair |   5592 |   5592 |      0 |   1670 |   1145 |   3 | 1864.0 |
         Sewer |    230 |    230 |      0 |     47 |      0 |   1 |  230.0 |
               +--------+--------+--------+--------+--------+-----+--------+

Top non-repeatable levels by time:
  Lair:2: 2357 daAuts
     D:3: 1753 daAuts
  Lair:1: 1639 daAuts
     D:9: 1604 daAuts
  Lair:3: 1595 daAuts
     D:2: 1571 daAuts
     D:7: 1235 daAuts
     D:4: 1145 daAuts
    D:10: 1104 daAuts
     D:6: 1009 daAuts
     D:8: 918 daAuts
     D:1: 855 daAuts
     D:5: 812 daAuts
   Sewer: 230 daAuts
